 Dungeon Crawl Stone Soup version 0.22-b1-26-g9dbaab1 (webtiles) character file.

1043 Lilu the Destroyer (level 8, -1/41 HPs)
             Began as a Deep Elf Conjurer on Aug 6, 2018.
             Shot with an arrow by a centaur (11 damage)
             ... on level 5 of the Dungeon.
             The game lasted 00:16:29 (4866 turns).

Lilu the Destroyer (Deep Elf Conjurer)              Turns: 4866, Time: 00:16:30

Health: -1/41      AC:  6    Str:  7    XL:     8   Next: 4%
Magic:  10/14      EV: 13    Int: 21    God:
Gold:   136        SH:  0    Dex: 15    Spells: 6/13 levels left

rFire    . . .     SeeInvis .   w - +0 flail (protect)
rCold    . . .     Gourm    .   (no shield)
rNeg     . . .     Faith    .   a - +0 robe
rPois    .         Spirit   .   t - +2 helmet
rElec    .         Reflect  .   (no cloak)
rCorr    .         Harm     .   (no gloves)
MR       .....                  s - +0 pair of boots
Stlth    ++........             (no amulet)
HPRegen  0.13/turn              b - ring of fire
MPRegen  0.14/turn              l - ring of ice

@: no status effects
A: no striking features
a: no special abilities


You were on level 5 of the Dungeon.
You were not hungry.

You visited 1 branch of the dungeon, and saw 5 of its levels.

You collected 136 gold pieces.

Inventory:

Hand Weapons
 d - a +0 mace of holy wrath
 w - a +0 flail of protection (weapon)
 x - a +0 morningstar of protection
 A - a +4 dire flail of protection
Missiles
 j - 39 arrows
 y - 21 sling bullets
Armour
 a - a +0 robe (worn)
 s - a +0 pair of boots (worn)
 t - a +2 helmet (worn)
Jewellery
 b - a ring of fire (left hand)
 l - a ring of ice (right hand)
 m - an uncursed ring of ice
 q - an uncursed amulet of rage
Wands
 n - a wand of polymorph (5)
Scrolls
 g - a scroll of immolation {unknown}
 h - a scroll of identify {unknown}
 i - a scroll of teleportation {unknown}
 o - a scroll of random uselessness {unknown}
 p - a scroll of noise {unknown}
 r - a scroll of remove curse {unknown}
 v - a scroll of magic mapping {unknown}
Potions
 e - a potion of degeneration {unknown}
 f - 2 potions of ambrosia {unknown}
 k - 2 potions of flight {unknown}
 u - a potion of lignification {unknown}
Comestibles
 c - 6 rations
 z - 6 chunks of flesh


   Skills:
 - Level 2.4 Dodging
 - Level 2.4 Stealth
 - Level 3.0 Spellcasting
 + Level 11.0 Conjurations


You had 6 spell levels left.
You knew the following spells:

 Your Spells              Type           Power        Failure   Level  Hunger
a - Magic Dart            Conj           ####         1%          1    None
b - Searing Ray           Conj           #####.       1%          2    ##.....
c - Iskenderun's Mystic   Conj           #####...     1%          4    ####...

Your spell library contained the following spells:

 Spells                   Type           Power        Failure   Level  Hunger
 Confuse                  Hex            #.......     36%         3    ###....
 Confusing Touch          Hex            #.....       13%         1    None
 Metabolic Englaciation   Hex/Ice        #.........   98%         5    ######.
 Petrify                  Tmut/Erth      #.......     78%         4    ####...
 Fulminant Prism          Conj/Hex       ####......   14%         4    ####...
 Dazzling Spray           Conj/Hex       ####..       4%          3    ###....
 Force Lance              Conj/Tloc      ####....     14%         4    ####...
 Gell's Gravitas          Tloc           #.........   36%         3    ###....
 Yara's Violent Unravell  Hex/Tmut       #.........   98%         5    ######.


Dungeon Overview and Level Annotations

Branches:
Dungeon (5/15)
 Temple: D:4-7

Altars:
Makhleb
Qazlal
Trog


Message History

Something unseen opens the door.
You start resting.
The centaur is too close now for your liking.
Casting: Magic Dart (safe; 1% risk of failure)
Confirm with . or Enter, or press ? or * to list all spells.
Aiming: Searing Ray (safe; 1% risk of failure)
Press: ? - help, Shift-Dir - straight line, f - centaur
Aim: a centaur (hasn't noticed you)
The searing ray hits the centaur.
The centaur is lightly wounded. (Press . to maintain the ray.)
The centaur wields a shortbow.
The centaur shoots an arrow.
The arrow hits you!
* * * LOW HITPOINT WARNING * * *
The searing ray hits the centaur.
The centaur is moderately wounded.
The centaur shoots an arrow.
The arrow barely misses you.
The searing ray hits the centaur.
The centaur is almost dead.
The centaur shoots an arrow.
The arrow hits you!
You die...

.. #. ##.###
#....# #....'
##. #..>c#
c... #....#
.....
#...@###......
#....'.'......
#...(###.....[
###'## .....
#.##### ####
#.....#
#####.# #.#
#.#


You could see a centaur.

Vanquished Creatures
  Sigmund (D:4)
  Edmund (D:5)
  A phantom (D:4)
  A crimson imp (D:5)
  A hound (D:5)
  6 orc priests
  6 orc wizards
  4 worker ants
  7 adders (D:3)
  An ooze (D:4)
  An adder skeleton (D:4)
  5 worms (D:3)
  3 dart slugs
  A leopard gecko (D:4)
  25 orcs
  6 bats
  5 giant cockroaches
  4 goblins
  4 hobgoblins
  3 jackals (D:2)
  5 kobolds
  A quokka (D:3)
  5 frilled lizards
  A rat (D:1)
98 creatures vanquished.

Notes
Turn   | Place    | Note
-------+----------+-------------------------------------------
     0 | D:1      | Lilu the Deep Elf Conjurer began the quest for the Orb.
     0 | D:1      | Reached XP level 1. HP: 10/10 MP: 6/6
   265 | D:1      | Reached XP level 2. HP: 15/15 MP: 5/8
   350 | D:1      | Reached skill level 5 in Conjurations
  1141 | D:2      | Reached XP level 3. HP: 16/19 MP: 6/9
  1208 | D:2      | Learned a level 2 spell: Searing Ray
  1210 | D:2      | Reached skill level 6 in Conjurations
  1586 | D:3      | Reached XP level 4. HP: 21/24 MP: 5/10
  1589 | D:3      | Reached skill level 7 in Conjurations
  1589 | D:3      | Reached XP level 5. HP: 25/28 MP: 1/11
  1953 | D:3      | Found a bloodstained altar of Trog.
  2653 | D:3      | Reached skill level 8 in Conjurations
  2871 | D:3      | Reached XP level 6. HP: 32/32 MP: 8/12
  3052 | D:4      | Found a burning altar of Makhleb.
  3377 | D:4      | Noticed Sigmund
  3411 | D:4      | Killed Sigmund
  3411 | D:4      | Reached skill level 9 in Conjurations
  3411 | D:4      | Reached XP level 7. HP: 26/36 MP: 3/13
  3888 | D:4      | Learned a level 4 spell: Iskenderun's Mystic Blast
  3971 | D:4      | Reached skill level 10 in Conjurations
  4376 | D:5      | Entered Level 5 of the Dungeon
  4382 | D:5      | Found a stormy altar of Qazlal.
  4401 | D:5      | Noticed Edmund
  4704 | D:5      | Killed Edmund
  4704 | D:5      | Reached XP level 8. HP: 33/41 MP: 2/14
  4830 | D:5      | Reached skill level 11 in Conjurations
  4866 | D:5      | Shot with an arrow by a centaur

Skill      XL: |  1  2  3  4  5  6  7  8 |
---------------+-------------------------+-----
Conjurations   | 5 6 7 8 9 10 11 | 11.0
Dodging        | |  2.4
Stealth        | |  2.4
Spellcasting   | |  3.0

Action                   |  1- 3 |  4- 6 |  7- 9 || total
-------------------------+-------+-------+-------++-------
Melee: Whip              |    17 |    13 |     3 ||    33
       Flail             |       |       |    45 ||    45
 Cast: Magic Dart        |    40 |    47 |    11 ||    98
       Searing Ray       |     2 |    18 |    21 ||    41
       Iskenderun's Myst |       |       |     1 ||     1
 Stab: Sleeping          |     1 |       |       ||     1
  Eat: Chunk             |     2 |     6 |     6 ||    14
Armor: Robe              |     8 |     2 |    11 ||    21
       Skin              |       |       |     9 ||     9
Dodge: Dodged            |    19 |    21 |    40 ||    80
